 Dungeon Crawl Stone Soup version 0.18-a0-1140-g8540535 (webtiles) character file.

4015 sugabear the Cudgeler (level 10, -25/53 HPs)
             Began as a Vine Stalker Gladiator on Jan 21, 2016.
             Was a Believer of Qazlal.
             Killed by an exploding fulminant prism (29 damage)
             ... created by maloy8920's ghost
             ... on level 8 of the Dungeon.
             The game lasted 00:13:38 (7185 turns).

sugabear the Cudgeler (Vine Stalker Gladiator)      Turns: 7185, Time: 00:13:38

Health: -25/53     AC:  8    Str: 20    XL:     10   Next: 23%
Magic:  0/14       EV: 14    Int:  8    God:    Qazlal [**....]
Gold:   93         SH:  2    Dex: 16    Spells: 0 memorised, 9 levels left

rFire  . . .     SeeInvis .     r - +3 whip (freeze)
rCold  . . .     Gourm    .     g - +0 ring mail
rNeg   . . .     Faith    .     (no shield)
rPois  .         Spirit   +     c - +0 helmet
rElec  .         Dismiss  .     o - +0 cloak
rCorr  .         Reflect  .     (no gloves)
SustAt +         Harm     .     (no boots)
MR     +....                    (no amulet)
Stlth  +.........               C - ring of sustain attributes
                                n - ring of flight

@: drained, somewhat resistant to hostile enchantments, very unstealthy
A: fangs 3, regeneration 2, magic shield, antimagic bite, no device heal 3, rot
immunity
a: Upheaval, Renounce Religion, Evoke Flight


You were on level 8 of the Dungeon.
You worshipped Qazlal.
Qazlal was pleased with you.
You were not hungry.

You visited 2 branches of the dungeon, and saw 9 of its levels.

You collected 177 gold pieces.
You spent 84 gold pieces at shops.

Inventory:

Hand Weapons
 r - a +3 whip of freezing (weapon)
 t - a +2 whip of flaming
 I - a +3 flail of draining
Missiles
 d - 2 throwing nets (quivered)
 H - 6 poisoned tomahawks
Armour
 c - a +0 helmet (worn)
 g - a +0 ring mail (worn)
 o - a +0 cloak (worn)
Jewellery
 n - a ring of flight (left hand)
 v - an uncursed ring of ice
 C - a ring of sustain attributes (right hand)
 J - a +4 ring of strength {unknown}
Wands
 x - a wand of fire (10/15)
 A - a wand of random effects (18/48)
 D - a wand of disintegration (13/24)
 K - a wand of flame (21/48)
Scrolls
 a - a scroll of fear {unknown}
 e - a scroll of amnesia {unknown}
 i - a scroll of immolation {unknown}
 k - 9 scrolls of identify {unknown}
 l - 3 scrolls of random uselessness {unknown}
 m - a scroll of recharging {unknown}
 p - 4 scrolls of teleportation {unknown}
 w - 4 scrolls of remove curse {unknown}
 y - a scroll of noise {unknown}
 F - a scroll of blinking {unknown}
 G - a scroll of silence {unknown}
Potions
 b - a potion of curing {unknown}
 h - a potion of haste {unknown}
 j - a potion of heal wounds {unknown}
 q - a potion of beneficial mutation {unknown}
 s - a potion of poison {unknown}
 u - a potion of flight {unknown}
 z - 2 potions of agility {unknown}
 E - a potion of ambrosia {unknown}
Comestibles
 f - 5 bread rations
 B - 3 meat rations
 L - 3 beef jerkies
 M - 7 slices of pizza


   Skills:
 + Level 5.9(5.3) Fighting
 + Level 7.1(6.5) Maces & Flails
 + Level 2.1(1.5) Throwing
 + Level 6.0(5.4) Armour
 + Level 6.1(5.5) Dodging
 * Level 4.1(3.5) Invocations


You had 9 spell levels left.
You didn't know any spells.

Dungeon Overview and Level Annotations

Branches:
Dungeon (8/15)             Temple (1/1) D:6            Lair (0/8) D:8

Altars:
Ashenzari
Cheibriados
Dithmenos
Elyvilon
Fedhas
Gozag
Kikubaaqudgha
Makhleb
Nemelex Xobeh
Okawaru
Pakellas
Qazlal
Ru
Sif Muna
Trog
Vehumet
Xom
Yredelemnul
Zin
The Shining One

Shops:
D:7 (

Annotations:
D:8 maloy8920's ghost, novice DrCj


Innate Abilities, Weirdness & Mutations

You have razor-sharp teeth.
You heal very quickly.
When hurt, damage is shared between your health and your magic reserves.
Your bite disrupts and absorbs the magic of your enemies.
Potions and wands cannot restore your health.
You are immune to rotting.


Message History

Your bite misses maloy8920's ghost.
Maloy8920's ghost gestures at you while chanting.
The orb of energy hits you!
The orb of energy explodes!
You hit maloy8920's ghost but do no damage.
Your bite misses maloy8920's ghost.
Maloy8920's ghost gestures next to you while chanting.
Maloy8920's ghost conjures a prism of explosive energy!
A fulminant prism comes into view.
You hit maloy8920's ghost but do no damage.
Maloy8920's ghost breathes negative energy at you.
The bolt of negative energy hits you!
You feel drained.
* * * LOW HITPOINT WARNING * * *
Unknown command.
The fulminant prism crackles loudly.
You see here a ring mail.
The fulminant prism explodes!
The blast of energy engulfs maloy8920's ghost.
The blast of energy engulfs you!
Ouch! That really hurt!
You die...

#...#.......'............
#..)'.....).#....##..###.
#...##.....#########'####
#...##>....##....##......
##..##.....#.....(<......
####......'(....##...##.
#......#####+##...##.
##'######....##......
#...@ยง...............
#.(<.[W..............
#....................
#..#..###.##.###..##.
####..###.##.# #..# +
#........#.. )..#
#........+... ..+
#........#.... .# #####
######.##.###.###.


You could see maloy8920's ghost.

Vanquished Creatures
  Pikel (D:5)
  A troll (D:7)
  Grinder (D:5)
  A two-headed ogre (D:6)
  A human (D:7)
  A hippogriff (D:5)
  A hungry ghost (D:7)
  A black bear (D:6)
  2 orc warriors
  An ice beast (D:5)
  5 ogres
  A centaur (D:7)
  5 giant frogs
  A wyvern skeleton (D:8)
  2 scorpions (D:7)
  6 killer bees (D:7)
  3 hounds
  4 crimson imps
  A quasit (D:6)
  5 orc priests
  4 orc wizards
  2 centaur skeletons
  2 worker ants
  4 sheep (D:7)
  A worker ant zombie (D:7)
  4 gnolls (D:3)
  6 adders
  2 shadow imps (D:5)
  An ooze (D:4)
  2 adder skeletons
  5 worms
  5 giant geckos
  19 orcs
  2 ball pythons (D:3)
  7 bats
  A giant cockroach (D:4)
  3 goblins
  8 hobgoblins
  9 jackals
  6 quokkas
  A giant gecko zombie (D:6)
  2 giant newts
  3 kobolds
  A quokka skeleton (D:6)
  6 rats
150 creatures vanquished.

Vanquished Creatures (others)
  An ogre (D:7)
  A scorpion (D:7)
  A giant gecko (D:7)
  2 giant cockroaches (D:5)
  A fulminant prism (D:8)
6 creatures vanquished.

Grand Total: 156 creatures vanquished

Notes
Turn   | Place    | Note
--------------------------------------------------------------
     0 | D:1      | sugabear the Vine Stalker Gladiator began the quest for the Orb.
     0 | D:1      | Reached XP level 1. HP: 11/11 MP: 2/2
   158 | D:1      | Reached XP level 2. HP: 13/15 MP: 3/3
   190 | D:1      | Reached skill level 3 in Maces & Flails
   710 | D:2      | Found an opulent altar of Gozag.
   877 | D:2      | Reached XP level 3. HP: 18/18 MP: 4/4
  1022 | D:2      | Found a glowing golden altar of the Shining One.
  1384 | D:2      | Reached XP level 4. HP: 23/23 MP: 5/5
  1423 | D:2      | Found a deep blue altar of Sif Muna.
  1947 | D:3      | Reached skill level 1 in Armour
  1947 | D:3      | Reached XP level 5. HP: 11/27 MP: 3/6
  2574 | D:4      | Noticed an ogre
  2580 | D:4      | Killed an ogre
  2580 | D:4      | Reached skill level 4 in Maces & Flails
  2580 | D:4      | Gained mutation: You heal very quickly. [Vine Stalker growth]
  2580 | D:4      | Reached XP level 6. HP: 32/32 MP: 7/7
  3284 | D:4      | Found a sacrificial altar of Ru.
  3290 | D:4      | Reached XP level 7. HP: 34/36 MP: 8/8
  3351 | D:5      | Entered Level 5 of the Dungeon
  3474 | D:5      | Noticed Pikel
  3571 | D:5      | Killed Pikel
  3571 | D:5      | Reached skill level 5 in Maces & Flails
  3571 | D:5      | Gained mutation: You have razor-sharp teeth. [Vine Stalker growth]
  3571 | D:5      | Reached XP level 8. HP: 22/42 MP: 7/9
  3664 | D:5      | Noticed Grinder
  3666 | D:5      | Paralysed by Grinder for 3 turns
  3687 | D:5      | Paralysed by Grinder for 7 turns
  3698 | D:5      | Killed Grinder
  4676 | D:6      | Reached skill level 5 in Dodging
  4773 | D:6      | Found a staircase to the Ecumenical Temple.
  4786 | Temple   | Entered the Ecumenical Temple
  4800 | Temple   | Became a worshipper of Qazlal Stormbringer
  4932 | D:6      | Reached skill level 5 in Armour
  4932 | D:6      | Reached XP level 9. HP: 42/46 MP: 10/10
  4970 | D:6      | Reached skill level 1 in Invocations
  5096 | D:6      | Found a snail-covered altar of Cheibriados.
  5302 | D:5      | Reached skill level 6 in Maces & Flails
  5349 | D:6      | Reached skill level 5 in Fighting
  5704 | D:7      | Reached * piety under Qazlal
  5876 | D:7      | Found Fefaew Nugus's Antique Weapon Emporium.
  5896 | D:7      | Bought a runed flail for 84 gold pieces
  6040 | D:7      | Found a blossoming altar of Fedhas.
  6091 | D:7      | Found a shimmering altar of Xom.
  6133 | D:7      | Found a basalt altar of Yredelemnul.
  6384 | D:7      | Reached XP level 10. HP: 48/53 MP: 13/13
  6391 | D:7      | Reached ** piety under Qazlal
  6601 | D:8      | Noticed maloy8920's ghost (novice DrCj)
  6791 | D:7      | Reached skill level 7 in Maces & Flails
  6942 | D:8      | Found an iron altar of Okawaru.
  6998 | D:8      | Found a staircase to the Lair.
  7185 | D:8      | Killed by an exploding fulminant prism

Vault maps used:
D:1:      dpeg_arrival_three_same_balls
D:2:      lemuel_doored_altar, grunt_gozag_statues, tso_metal_star, first_bread
D:4:      lemuel_coloured_pillars_altar
D:5:      uniq_grinder, uniq_pikel
D:6:      temple_pool_b, st_stairs_8, cheibriados_altar_1
D:7:      kennysheep_little_box, xom_confusion_cloud,
          nicolae_overflow_crystal_walls, serial_shops, shop, grunt_livestock
D:8:      lemuel_crystal_altar, lair_0_dummy
Temple:   circular_temple_12

Action                   |  1- 3 |  4- 6 |  7- 9 | 10-12 || total
-------------------------+-------+-------+-------+-------++-------
Melee: Flail             |    91 |    83 |    63 |    51 ||   288
       Whip              |       |    53 |   232 |    11 ||   296
Throw: Throwing net      |       |       |     3 |     1 ||     4
 Stab: Held in net/web   |       |       |       |     1 ||     1
  Eat: Chunk             |     2 |     6 |    12 |     2 ||    22
